 Dungeon Crawl Stone Soup version 0.31-a0-844-gdc52ec4e09 (webtiles) character file.

Game seed: 10410889992185791612

1555737 Flugkiller the Worldbinder (level 27, 224/224 HPs)
             Began as a Human Summoner on Sept 30, 2023.
             Was an Initiate of Gozag.
             Escaped with the Orb
             ... and 3 runes!
             The game lasted 03:23:05 (80652 turns).

Flugkiller the Worldbinder (Human Summoner)        Turns: 80652, Time: 03:23:06

Health: 224/224    AC: 18    Str: 13    XL:     27
Magic:  45/56      EV: 25    Int: 32    God:    Gozag
Gold:   6497       SH:  0    Dex: 17    Spells: 4/66 levels left

rFire   + . .        a - +8 demon trident of Ragnarok {pain, Int+3}
rCold   + . .        (no shield)
rNeg    . . .        D - +3 leather armour "Camasm" {rElec Will+ Dex+3}
rPois   +            x - +2 helmet
rElec   +            S - scarf of the Hippo {rC+ rF+, MP+9 Int+7 Dex-5 Stlth+}
rCorr   .            P - +2 pair of gloves {hurl}
SInv    .            B - +2 pair of boots
Will    ++++.        N - amulet of Umettu {RegenMP Will+ Str+4}
Stlth   +            o - ring of poison resistance
HPRegen 0.57/turn    v - +5 ring of evasion
MPRegen 0.75/turn

%: no passive effects
@: on dragon call cooldown, gold aura, studying 3 skills
A: deterioration 1, weak 1
0: Orb of Zot
}: 3/15 runes: decaying, slimy, gossamer
a: Renounce Religion, Potion Petition, Call Merchant, Bribe Branch


You escaped.
You worshipped Gozag.
Gozag was greatly pleased with you.
You visited 10 branches of the dungeon, and saw 51 of its levels.
You visited 1 bazaar.
You also visited: Bailey, Volcano, Wizlab and Desolation.

You collected 27681 gold pieces.
You spent 9602 gold pieces at shops.
You paid 11582 gold pieces to Gozag.

Inventory:

Hand Weapons
 a - the +8 demon trident of Ragnarok (weapon) {pain, Int+3}
   (You found it on level 3 of the Depths)

   Int+3:     It affects your intelligence (+3).
 G - a +7 vampiric demon trident
   (You took it off Donald on level 1 of the Spider Nest)
Missiles
 C - 7 curare-tipped darts
 I - 5 throwing nets (quivered)
Armour
 x - a +2 helmet (worn)
   (You found it on level 4 of the Dungeon)
 B - a +2 pair of boots (worn)
   (You found it on level 2 of the Lair of Beasts)
 D - the +3 leather armour "Camasm" (worn) {rElec Will+ Dex+3}
   (You bought it in a shop on level 3 of the Lair of Beasts)

   Dex+3:     It affects your dexterity (+3).
   rElec:     It insulates you from electricity.
   Will+:     It increases your willpower.
 E - a +2 cloak
   (You bought it in a shop on level 1 of the Vaults)
 J - a +3 ring mail of cold resistance
   (You took it off a deep elf master archer on level 3 of the Elven Halls)
 P - a +2 pair of gloves of hurling (worn)
   (You bought it in a shop on level 2 of the Orcish Mines)
 S - the scarf of the Hippo (worn) {rC+ rF+, MP+9 Int+7 Dex-5 Stlth+}
   (You acquired it on level 1 of the Depths)

   Int+7:     It affects your intelligence (+7).
   Dex-5:     It affects your dexterity (-5).
   MP+9:      It affects your magic capacity (+9).
   Stlth+:    It makes you more stealthy.
Magical Staves
 b - the staff of Actus Reus {rElec rPois rF+ rN+ Necro}
   (You found it on level 1 of the Realm of Zot)

   [staff of death]

   Base accuracy: +5 Base damage: 5 Base attack delay: 1.2 This weapon's minimum
   attack delay (0.6) is reached at skill level 12.
   rF+:       It protects you from fire.
   rElec:     It insulates you from electricity.
   rPois:     It protects you from poison rN+: It protects you from negative
   energy.
   Necro:     It increases the power of your Necromancy spells.
   It falls into the 'Staves' category.
   It is a one-handed weapon.
Jewellery
 c - a ring of protection from cold
   (You found it on level 2 of the Spider Nest)
 i - a ring of see invisible
   (You found it on level 5 of the Lair of Beasts)
 m - a ring of willpower
   (You found it on level 3 of the Dungeon)
 o - a ring of poison resistance (left hand)
   (You found it on level 6 of the Dungeon)
 p - a +4 ring of protection
   (You found it on level 13 of the Dungeon)
 v - a +5 ring of evasion (right hand)
   (You found it on level 5 of the Dungeon)
 F - the ring "Otwen" {rF+ Int+6}
   (You bought it in a shop on level 2 of the Orcish Mines)

   [ring of intelligence]

   Int+6:     It affects your intelligence (+6).
   rF+:       It protects you from fire.
 N - the amulet of Umettu (around neck) {RegenMP Will+ Str+4}
   (You bought it in a shop on level 1 of the Elven Halls)

   [amulet of magic regeneration]

   RegenMP:   It increases your rate of magic regeneration.
   Str+4:     It affects your strength (+4).
   Will+:     It increases your willpower.
 Z - a ring of resist corrosion
   (You found it on level 1 of the Spider Nest)
Wands
 s - a wand of light (21)
   (You found it on level 4 of the Lair of Beasts)
 u - a wand of digging (22)
   (You found it on level 5 of the Dungeon)
 H - a wand of iceblast (42)
   (You took it off an orc wizard on level 9 of the Dungeon)
 R - a wand of mindburst (46)
   (You found it on level 10 of the Dungeon)
 X - a wand of paralysis (49)
   (You found it on level 13 of the Dungeon)
Scrolls
 l - 5 scrolls of immolation
 r - a scroll of summoning
 t - 14 scrolls of teleportation
 y - 8 scrolls of fog
 z - 2 scrolls of blinking
 A - 6 scrolls of fear
 M - a scroll of enchant armour
 O - 7 scrolls of poison
 Y - 6 scrolls of vulnerability
Potions
 d - 10 potions of might
 e - a potion of invisibility
 h - 5 potions of haste
 n - 6 potions of resistance
 q - 27 potions of curing
 w - 10 potions of heal wounds
 K - 6 potions of magic
 L - 2 potions of ambrosia
 Q - 2 potions of brilliance
 T - 7 potions of mutation
 U - 9 potions of enlightenment
 V - 2 potions of cancellation
Miscellaneous
 f - a phantom mirror
   (You found it on level 12 of the Dungeon)
 g - a tin of tremorstones (2/2)
   (You found it on level 1 of the Vaults)


   Skills:
 - Level 20.0 Fighting
 - Level 14.0 Polearms
 - Level 11.0 Armour
 - Level 15.0 Dodging
 - Level 2.0 Stealth
 - Level 20.0 Spellcasting
 - Level 4.0 Hexes
 + Level 26.0 Summonings
 - Level 20.0 Necromancy
 - Level 10.0 Translocations
 - Level 4.0 Air Magic
 - Level 8.0 Earth Magic
 - Level 10.0 Evocations


You had 4 spell levels left.
You knew the following spells:

 Your Spells              Type           Power      Damage    Failure   Level
a - Summon Horrible Thin  Summ           57%        N/A       1%          8
b - Dragon's Call         Summ           57%        N/A       3%          9
e - Summon Forest         Summ/Tloc      49%        N/A       1%          5
f - Summon Mana Viper     Hex/Summ       91%        N/A       1%          5
g - Borgnjor's Vile Clut  Necr/Erth      44%        N/A       1%          5
h - Haunt                 Necr/Summ      54%        N/A       1%          7
i - Death Channel         Necr           51%        N/A       1%          6
j - Malign Gateway        Summ/Tloc      49%        N/A       1%          7
k - Infestation           Necr           51%        N/A       2%          8
r - Blink                 Tloc           100%       N/A       1%          2

Your spell library contained the following spells:

 Spells                   Type           Power      Damage    Failure   Level
 Summon Small Mammal      Summ           100%       N/A       0%          1
 Call Imp                 Summ           100%       N/A       0%          2
 Sublimation of Blood     Necr           100%       N/A       0%          2
 Call Canine Familiar     Summ           100%       N/A       0%          3
 Summon Guardian Golem    Hex/Summ       91%        N/A       0%          3
 Animate Armour           Summ/Erth      100%       N/A       0%          4
 Dispel Undead            Necr           100%       3d31      0%          4
 Foxfire                  Conj/Fire      100%       2x1d9     1%          1
 Freeze                   Ice            100%       1d10      1%          1
 Kiss of Death            Conj/Necr      100%       2d13      1%          1
 Magic Dart               Conj           100%       1d8       1%          1
 Shock                    Conj/Air       100%       1d9       1%          1
 Sting                    Tmut/Pois      100%       1d8       1%          1
 Cigotuvi's Dreadful Rot  Necr/Pois/Air  100%       N/A       1%          2
 Ensorcelled Hibernation  Hex/Ice        88%        N/A       1%          2
 Jinxbite                 Hex            100%       N/A       1%          2
 Lesser Beckoning         Tloc           100%       N/A       1%          2
 Momentum Strike          Conj/Tloc      100%       3d10      1%          2
 Passwall                 Tmut/Erth      45%        N/A       1%          2
 Poisonous Vapours        Pois/Air       88%        N/A       1%          2
 Scorch                   Fire           64%        2d7       1%          2
 Static Discharge         Conj/Air       88%        2-6/arc   1%          2
 Confusing Touch          Hex            55%        N/A       1%          3
 Gell's Gravitas          Tloc           77%        N/A       1%          3
 Inner Flame              Hex/Fire       44%        N/A       1%          3
 Swiftness                Air            55%        N/A       1%          3
 Teleport Other           Tloc           77%        N/A       1%          3
 Tukima's Dance           Hex            55%        N/A       1%          3
 Volatile Blastmotes      Fire/Tloc      100%       2d18      1%          3
 Anguish                  Hex/Necr       41%        N/A       1%          4
 Dimensional Bullseye     Hex/Tloc       33%        N/A       1%          4
 Iskenderun's Mystic Bla  Conj/Tloc      59%        2d12      1%          4
 Leda's Liquefaction      Hex/Erth       31%        N/A       1%          4
 Manifold Assault         Tloc           77%        N/A       1%          4
 Passage of Golubria      Tloc           77%        N/A       1%          4
 Summon Ice Beast         Ice/Summ       86%        N/A       1%          4
 Summon Lightning Spire   Summ/Air       91%        N/A       1%          4
 Vhi's Electric Charge    Tloc/Air       100%       N/A       1%          4
 Mephitic Cloud           Conj/Pois/Air  40%        N/A       2%          3
 Airstrike                Air            27%        2d(4-20)  2%          4
 Brom's Barrelling Bould  Conj/Erth      55%        2d7       2%          4
 Cause Fear               Hex            27%        N/A       2%          4
 Petrify                  Tmut/Erth      55%        N/A       2%          4
 Frozen Ramparts          Ice            64%        1d10      3%          3
 Hailstorm                Conj/Ice       32%        3d8       3%          3
 Ozocubu's Armour         Ice            32%        N/A       3%          3
 Fulminant Prism          Conj/Hex       22%        3d12      5%          4
 Flame Wave               Conj/Fire      32%        2d9       13%         4
 Olgreb's Toxic Radiance  Pois           32%        N/A       13%         4
 Agony                    Necr           100%       N/A       0%          5
 Summon Cactus Giant      Summ           57%        N/A       0%          6
 Lee's Rapid Deconstruct  Erth           35%        3d18*     1%          5
 Dispersal                Tloc           38%        N/A       3%          6
 Spellforged Servitor     Conj/Summ      43%        N/A       5%          7
 Silence                  Hex/Air        27%        N/A       7%          5
 Arcjolt                  Conj/Air       22%        1d32      16%         5
 Metabolic Englaciation   Hex/Ice        22%        N/A       16%         5
 Yara's Violent Unravell  Hex/Tmut       22%        3d10      16%         5
 Alistair's Intoxication  Tmut/Pois      21%        N/A       34%         5
 Fireball                 Conj/Fire      16%        3d8       34%         5
 Irradiate                Conj/Tmut      16%        3d17      34%         5
 Iskenderun's Battlesphe  Conj           32%        2d8       34%         5
 Bombard                  Conj/Erth      27%        9d5       36%         6
 Conjure Ball Lightning   Conj/Air       22%        3x3d6     65%         6
 Plasma Beam              Fire/Air       22%        2x1d34    65%         6
 Disjunction              Tloc           38%        N/A       80%         8
 Eringya's Noxious Bog    Tmut/Pois      16%        4d6       89%         6
 Starburst                Conj/Fire      16%        6d6       89%         6
 Enfeeble                 Hex            27%        N/A       91%         7
 Orb of Destruction       Conj           16%        9d7       100%        7
 Ozocubu's Refrigeration  Ice            16%        4d11      100%        7
 Lehudib's Crystal Spear  Conj/Erth      27%        10d7      100%        8
 Fire Storm               Conj/Fire      16%        8d4       100%        9
 Animate Dead             Necr           Unusable   N/A       N/A         4

Dungeon Overview and Level Annotations

Branches:
Dungeon (15/15)            Temple (0/1) D:5            Lair (5/5) D:11
  Swamp (4/4) Lair:3       Spider (4/4) Lair:2        Slime (5/5) Lair:4
    Orc (2/2) D:9             Elf (3/3) Orc:2        Vaults (4/5) D:14
  Crypt (0/3) Vaults:3     Depths (4/4) D:15            Zot (5/5) Depths:4
 Bailey (visited)         Volcano (visited)          WizLab (visited)
Desolation (visited)

Altars:
Ashenzari
Elyvilon
Gozag
Hepliaklqana
Kikubaaqudgha
Nemelex Xobeh
Ru
Vehumet
Yredelemnul
The Shining One
Jiyva
Lugonu

Shops:
D:4 (=   D:8 !   D:9 !(   D:14 =   Orc:1 **   Orc:2 *==[!   Elf:1 (:=   Elf:2 *
Elf:3 ((:   Lair:3 :[   Vaults:1 ([[   Depths:3 :=:

Portals:
Hell: Depths:1 Depths:2 Depths:3 Depths:4
Abyss: D:3 Depths:3
Pandemonium: Depths:2 Depths:3
Ziggurat: Depths:3
Trove: D:10 (give +5 demon whip)

Annotations:
Spider:1 Roxanne
Elf:1 2 transporters, Suoweyxo's ghost, adept KoBr
Elf:2 3 runed translucent doors
Vaults:4 36 runed doors
Zot:5 4 transporters, 1 exclusion


Innate Abilities, Weirdness & Mutations

Your body sometimes deteriorates upon taking damage.
You are weak. (Str -2)


Message History

Your storm dragon is engulfed in a cloud of scalding steam.
Your storm dragon bites the balrug!
The balrug dies!
You hear a splash.
The sun demon barely misses your storm dragon.
The sun demon hits your ice dragon!!
Your ice dragon is engulfed in flames!!
Your ice dragon is burned terribly!
Your storm dragon bites the sun demon.
Your storm dragon barely misses the sun demon.
Your storm dragon tramples the sun demon but does no damage.
You see here 43 gold pieces.
You barely miss the hellwing.
A nearby plant withers and dies.
The hellwing completely misses you. The hellwing misses you.
The sun demon hits your storm dragon.
Your storm dragon is engulfed in flames!
Your storm dragon dies!
Your storm dragon's corpse disappears in a puff of smoke!
You hit the hellwing but do no damage.
The sun demon is distracted by your dazzling golden aura.
Your ice dragon bites the sun demon.
The sun demon is no longer distracted by gold.
The sun demon shouts!
Your ice dragon claws the sun demon.
Your ice dragon tramples the sun demon but does no damage.
You puncture the hellwing!
The hellwing is moderately wounded.
A dragon arrives to answer your call! The hellwing completely misses you.
The hellwing closely misses you. The sun demon hits your ice dragon!
Your ice dragon is engulfed in flames!!
Your ice dragon is burned terribly!
Your ice dragon breathes frost at the sun demon.
The blast of cold hits the sun demon!!!!
The sun demon is frozen!
The sun demon dies!
You closely miss the hellwing.
The hellwing is moderately wounded.
Your quicksilver dragon breathes dispelling energy at the hellwing.
The bolt of dispelling energy hits the hellwing.
You hit the sun demon but do no damage.
The sun demon is lightly wounded.
Your quicksilver dragon bites the hellwing.
Your quicksilver dragon completely misses the hellwing.
Your ice dragon bites the hellwing.
Your ice dragon claws the hellwing but does no damage.
Your ice dragon tramples the hellwing but does no damage.
You hit the sun demon but do no damage.
The sun demon is lightly wounded.
Your quicksilver dragon bites the hellwing but does no damage.
Your quicksilver dragon claws the hellwing but does no damage.
The hellwing hits your quicksilver dragon!
The hellwing closely misses your quicksilver dragon.
Casting: Dragon's Call (dangerous; 3% risk of failure)
Confirm with . or Enter, or press ? or * to list all spells.
Aiming: Borgnjor's Vile Clutch (safe; 1% risk of failure)
Press: ? - help, Shift-Dir - straight line, f - hellwing
Aim: a hellwing (severely wounded, not watching you, ally target, 100% to hit)
Zombie hands grab the sun demon.
Zombie hands grab the hellwing.
Your ice dragon is unaffected.
The zombie hands constrict the hellwing.
The zombie hands constrict the sun demon.
Your golden dragon disappears in a puff of smoke!
Your quicksilver dragon breathes dispelling energy at the hellwing.
The bolt of dispelling energy hits the hellwing!!
The hellwing dies!
The sun demon misses you.
Your quicksilver dragon bites the sun demon.
Your quicksilver dragon claws the sun demon but does no damage.
Unknown command.
You puncture the sun demon!
The sun demon is moderately wounded.
A dragon arrives to answer your call!
The zombie hands constrict the sun demon.
The sun demon completely misses you.
Your ice dragon bites the sun demon but does no damage.
Your ice dragon claws the sun demon but does no damage.
Your ice dragon tramples the sun demon.
The sun demon is held in place!
Your quicksilver dragon bites the sun demon but does no damage.
Your quicksilver dragon claws the sun demon but does no damage.
You hit the sun demon.
The sun demon is heavily wounded.
The zombie hands constrict the sun demon.
Your ice dragon breathes frost at the sun demon.
The blast of cold hits the sun demon!!!
The sun demon is frozen!
The sun demon dies!
Your Summonings skill increases to level 26!
You swap places.
Your golden dragon disappears in a puff of smoke!
You now have 6458 gold pieces (gained 4).
You enter the shallow water.
Moving in this stuff is going to be slow.
The roar of the dragon horde subsides.
You now have 6472 gold pieces (gained 14).
You now have 6492 gold pieces (gained 20).
You see here a +0 demon whip.
Your golden dragon disappears in a puff of smoke!
Your ice dragon disappears in a puff of smoke!
You now have 6497 gold pieces (gained 5).
There is a staircase leading out of the dungeon here.
Enter note: gg You have escaped!

##.##..##.#.############.#.######
#.##..##.#.# #.#.#
#.##..##.#.###### #.#.#
#.##..#..#...§..# #.#.#
#.##..#.....###$### #.#.# ####
#.##..#....##≈#.#≈## #.#.# #...
#.##..#...##≈.≈~≈P≈## #.#.# #...
#.##..#...#≈P8.DD8P≈# #.#+###...
#.##..#...##≈..@..≈## #.....####
#.##..#...##≈♣...P≈## #.....####
##.##..#...#≈♣8♣.P8P≈# #.........
.......#...##≈♣...P≈####..†......
######.#....##≈#.#≈##....##......
#.#.##.####.####.#####......
#.#..............# #......
#.##...#.......### #......
#......#######..# #......


You could see a friendly ice dragon (summoned) and a friendly quicksilver dragon
(summoned).

Vanquished Creatures
  the Royal Jelly (Slime:5)
  A juggernaut (Depths:4)
  Saint Roka (Vaults:3)
  2 golden dragons (Zot:5)
  2 electric golems
  Zenata (Elf:1)
  7 Orb Guardians
  A tentacled monstrosity (Zot:1)
  The ghost of gruber the Deadly Accurate, an adept GnIE of Okawaru (Swamp:4)
  A sphinx (Depths:1)
  A deep elf blademaster (Elf:3)
  13 acid blobs
  A death cob (Zot:1)
  Kirke (Spider:4)
  2 tengu reavers
  A shadow dragon (Zot:4)
  2 draconian monks (Zot:3)
  Aizul (Spider:3)
  Donald (Spider:1)
  5 vault wardens
  13 azure jellies
  2 fire giants
  6 rockslimes
  2 fenstrider witches (WizLab)
  2 frost giants
  An iron dragon (Depths:4)
  3 deep elf sorcerers (Elf:3)
  4 ghost moths
  2 deep elf elementalists
  An orc warlord (Vaults:4)
  An imperial myrmidon (Desolation)
  11 quicksilver oozes
  3 draconian shifters
  A draconian annihilator (Zot:2)
  6 stone giants
  14 very ugly things
  8 ironbound preservers
  4 formless jellyfish
  4 ironbound thunderhulks
  A deep elf annihilator (Elf:3)
  3 deep elf demonologists (Elf:3)
  2 green draconians
  3 purple draconians
  A yellow draconian (Zot:3)
  3 black draconians
  A red draconian (Zot:3)
  5 eleionomae
  2 white draconians (Zot:2)
  A bunyip (Swamp:2)
  A lorocyproca (D:12)
  2 spark wasps
  4 dire elephants (Vaults:1)
  A deep elf death mage (Vaults:4)
  3 ragged hierophants (Desolation)
  8 ettins
  2 jiangshi (Depths:1)
  4 fire dragons
  A green death (D:2)
  4 entropy weavers
  3 servants of whispers (Desolation)
  2 great orbs of eyes
  5 yaktaur captains
  4 peacekeepers (Desolation)
  8 hydras
  2 spriggan air magi
  6 vault guards
  An ogre mage (Depths:3)
  7 ice dragons
  2 boulder beetles
  4 ironbound frosthearts
  6 two-headed ogres
  An alligator (Swamp:3)
  2 death knights (Vaults:3)
  A jorogumo (Spider:4)
  2 catoblepae
  9 centaur warriors
  Erica (Orc:1)
  A tengu warrior (D:14)
  A deep troll shaman (Depths:4)
  6 dancing weapons
  A death yak (Depths:3)
  A deep troll earth mage (Depths:3)
  A demonic crawler (Depths:4)
  A hell hog (Depths:1)
  A naga sharpshooter (WizLab)
  An orc high priest (Orc:2)
  2 vampire magi
  6 spriggan berserkers
  2 sun demons
  11 deep elf knights
  5 hell knights
  A pharaoh ant (Spider:4)
  An iron troll (Depths:2)
  A death drake (Swamp:4)
  A sixfirhy (Depths:2)
  2 glowing orange brains
  A spriggan druid (Swamp:4)
  A sun moth (Spider:3)
  28 deep trolls
  A death drake (shapeshifter) (D:13)
  A bog body (Swamp:3)
  3 swamp dragons (Swamp:4)
  5 orb spiders
  2 wizards (Vaults:3)
  7 deep elf archers
  10 ironbound convokers
  3 necromancers
  2 shadow demons
  7 lindwurms
  4 orc knights
  9 deep elf pyromancers
  3 steelbarb worms
  13 deep elf zephyrmancers
  10 wolf spiders
  A harpy (Vaults:3)
  2 wolf spider zombies (D:15)
  2 cyclopes
  3 shining eyes (Slime:5)
  28 ugly things
  8 moths of wrath
  2 centaur zombies
  A salamander (Depths:3)
  2 elephants (Lair:5)
  A guardian serpent (Desolation)
  6 vault sentinels
  A torpor snail (Lair:3)
  2 cane toads
  A smoke demon (D:1)
  9 yaktaurs
  2 trolls
  3 polar bears
  6 tyrant leeches
  3 meliai (Spider:3)
  8 hornets
  14 tarantellas
  23 saltlings (Desolation)
  A raiju (shapeshifter) (D:14)
  8 blink frogs
  15 jumping spiders
  An air elemental (Elf:1)
  A centaur simulacrum (D:15)
  A human simulacrum (Vaults:2)
  9 culicivoras
  3 wraiths
  29 slime creatures
  4 spriggans
  2 water elementals
  2 wyverns
  2 basilisks
  5 yaks
  A fire elemental (Elf:3)
  12 nameless horrors
  2 hogs (Spider:4)
  2 steam dragons
  A human (D:14)
  7 vampire mosquitoes
  2 chaos spawn
  14 redbacks
  A warg (Orc:2)
  4 swamp worms
  5 water moccasins
  A floating eye (Slime:5)
  2 swamp drakes
  3 orc warriors
  A sky beast (D:7)
  An ice beast (D:6)
  A black bear (Lair:1)
  A boggart (Vaults:3)
  7 wolves
  3 ogres
  2 centaurs
  A kobold brigand (D:7)
  4 bullfrogs
  3 scorpions
  An earth elemental (Elf:3)
  4 electric eels
  A howler monkey (D:12)
  2 hounds (D:5)
  5 orc priests
  An iron imp (D:6)
  2 jellies
  An orc wizard (Orc:1)
  5 gnolls
  4 adders
  2 dart slugs (D:1)
  34 orcs
  A ball python (D:1)
  3 endoplasms (D:3)
  2 giant cockroaches
  A quokka (D:3)
  6 bats
  A frilled lizard (D:2)
  2 hobgoblin zombies (D:6)
  3 kobolds
  2 rats
  2 snaplasher vines (Swamp:4)
  A spectral weapon (Elf:1)
786 creatures vanquished.

Vanquished Creatures (collateral kills)
  A pandemonium lord (Depths:4)
  Dissolution (Slime:4)
  3 orbs of fire
  Mara (Depths:1)
  2 juggernauts (Depths:3)
  A Killer Klown (Zot:5)
  3 curse toes
  10 golden dragons
  Arachne (Spider:2)
  Norris (Elf:1)
  A Brimstone Fiend (D:5)
  3 electric golems
  An Ice Fiend (D:5)
  Mlioglotl (Swamp:1)
  13 tentacled monstrosities
  Jorgrun (D:12)
  A deep elf blademaster (Elf:3)
  5 quicksilver dragons
  11 Orb Guardians
  4 deep elf master archers
  A titan (Zot:2)
  14 acid blobs
  Asterion (Elf:1)
  Frances (Elf:1)
  An eldritch tentacle (Slime:4)
  8 death cobs
  4 thorn hunters
  14 storm dragons
  3 tengu reavers
  9 shadow dragons
  2 draconian monks
  Agnes (Spider:2)
  2 rockslimes
  3 draconian knights
  3 fenstrider witches
  7 fire giants
  6 azure jellies
  4 emperor scorpions (Spider:4)
  3 imperial myrmidons (Desolation)
  A balrug (D:1)
  4 deep elf elementalists (Elf:3)
  10 vault wardens
  3 deep elf sorcerers
  An iron dragon (Depths:1)
  9 frost giants
  5 ghost moths
  2 draconian scorchers (Zot:2)
  3 draconian shifters
  9 ironbound preservers
  3 draconian stormcallers
  5 formless jellyfish
  A war gargoyle (Vaults:4)
  6 quicksilver oozes
  A broodmother (Spider:1)
  A spriggan defender (Depths:4)
  A reaper (Depths:1)
  An orc warlord (Orc:1)
  The ghost of Ciotsan the Gelid, an adept FeIE of Vehumet (Vaults:3)
  4 stone giants
  13 very ugly things
  10 green draconians
  12 ironbound thunderhulks
  7 dire elephants (Vaults:1)
  2 eleionomae
  2 red draconians
  7 deep elf demonologists
  6 deep elf annihilators
  4 yellow draconians
  7 black draconians
  3 purple draconians
  The ghost of Vorhees the Devastator, a journeyman DECj of Sif Muna (D:12)
  3 bunyips
  A spark wasp (Depths:3)
  3 white draconians
  25 ettins
  3 ragged hierophants (Desolation)
  3 deep elf death magi
  3 crystal guardians
  8 entropy weavers
  3 great orbs of eyes
  4 shambling mangroves
  2 fire dragons
  Josephine (D:12)
  4 yaktaur captains
  Fannar (Orc:1)
  3 deep elf high priests (Elf:3)
  A jiangshi (Depths:1)
  7 vault guards
  14 hydras
  Harold (D:10)
  A rakshasa (Vaults:3)
  2 servants of whispers (Desolation)
  5 peacekeepers
  2 ice dragons (Depths:1)
  A salamander tyrant (Depths:3)
  A hell beast (Depths:1)
  3 spriggan air magi
  2 ghost crabs (Swamp:4)
  A spriggan skeleton (Depths:2)
  A catoblepas (Depths:3)
  4 jorogumos
  2 alligators
  3 radroaches
  A sphinx zombie (Vaults:2)
  8 centaur warriors
  2 ogre magi
  5 ironbound frosthearts
  2 death knights
  3 satyrs (WizLab)
  4 boulder beetles
  3 tengu warriors
  14 two-headed ogres
  4 hell hogs
  7 dancing weapons
  8 demonic crawlers
  4 deep troll shamans
  6 deep troll earth magi
  A vampire mage (Depths:2)
  6 orc high priests (Orc:2)
  19 death yaks
  3 spriggan berserkers
  2 soul eaters (Depths:3)
  4 deep elf knights
  3 naga sharpshooters (WizLab)
  Urug (Orc:1)
  A fire crab (Lair:3)
  4 hell knights
  10 iron trolls
  3 skysharks
  8 sun demons
  A salamander mystic (Depths:3)
  6 pharaoh ants
  5 skeletal warriors
  A fire crab (shapeshifter) (D:15)
  7 goliath frogs
  2 flayed ghosts
  9 orb spiders
  2 spriggan druids
  7 swamp dragons
  A death drake (Zot:4)
  7 wizards
  9 deep elf pyromancers
  5 orc knights
  6 bog bodies
  6 steelbarb worms
  26 deep trolls
  4 lindwurms
  A glowing orange brain (Depths:2)
  9 deep elf zephyrmancers
  A phantasmal warrior (Vaults:3)
  7 ironbound convokers
  5 deep elf archers
  5 necromancers
  3 orc sorcerers
  3 oklob plants (WizLab)
  4 salamanders (Depths:3)
  20 wolf spiders
  A sphinx simulacrum (Depths:2)
  A will-o-the-wisp (Swamp:1)
  2 fauns (WizLab)
  21 ugly things
  3 shining eyes
  2 manticores
  A shining eye (shapeshifter) (Elf:1)
  4 cyclopes
  15 moths of wrath
  A spectral centaur (D:12)
  A rust devil (Depths:1)
  7 elephants
  2 centaur zombies
  7 vault sentinels
  6 black mambas
  3 smoke demons
  A guardian serpent (Desolation)
  A molten gargoyle (Desolation)
  A naga mage (D:15)
  6 torpor snails
  An eye of devastation (Slime:5)
  A cane toad (shapeshifter) (D:14)
  Maggie (D:10)
  2 orange demons
  2 unseen horrors
  Psyche (D:8)
  Jeremiah (Lair:1)
  8 cane toads
  3 freezing wraiths
  11 yaktaurs
  2 rime drakes
  2 tengu conjurers
  10 komodo dragons
  A tormentor (Depths:1)
  4 hellwings
  9 trolls
  6 meliai
  12 tarantellas
  5 polar bears
  A bloated husk (Swamp:3)
  7 tyrant leeches
  23 saltlings (Desolation)
  14 hornets
  19 blink frogs
  A dream sheep (Lair:3)
  57 slime creatures
  16 culicivoras
  3 water elementals
  A shapeshifter (Slime:1)
  15 jumping spiders
  7 spriggans
  3 wyverns
  A ynoxinul (Zot:4)
  Sigmund (D:5)
  3 wraiths
  27 yaks
  Grum (D:10)
  4 hogs (Spider:4)
  Eustachio (D:5)
  6 basilisks
  2 golden eyes (Slime:5)
  A human (Vaults:2)
  32 redbacks
  15 vampire mosquitoes
  9 wargs
  14 swamp worms
  A steam dragon (D:9)
  4 acid dragons
  9 water moccasins
  5 nameless horrors
  8 swamp drakes
  30 orc warriors
  2 glowing shapeshifter skeletons (Depths:2)
  A hornet zombie (D:15)
  A sky beast (D:8)
  2 black bears
  13 ogres
  9 wolves
  6 centaurs
  A phantom (D:4)
  An elf simulacrum (Vaults:2)
  Blork the orc (D:5)
  7 bullfrogs
  2 gnoll sergeants (D:8)
  5 scorpions
  An earth elemental (Elf:2)
  A glowing shapeshifter simulacrum (Depths:2)
  5 wights
  2 electric eels (D:15)
  8 jellies
  2 gnoll boudas
  3 hounds
  38 orc priests
  2 sleepcaps
  2 iguanas
  16 orc wizards
  4 hell rats (Lair:5)
  A boggart simulacrum (D:12)
  26 gnolls
  9 adders
  A white imp (D:6)
  3 dart slugs
  95 orcs
  5 endoplasms
  2 giant cockroaches
  6 goblins
  5 hobgoblins
  6 kobolds
  6 ball pythons
  2 bats
  5 frilled lizards
  A goblin zombie (D:6)
  2 hobgoblin zombies (D:6)
  A kobold skeleton (D:6)
  An orc zombie (D:6)
  5 rats
  A lurking horror (D:3)
1540 creatures vanquished.

Vanquished Creatures (others)
  A dread lich (Zot:5)
  An ancient lich (Zot:5)
  15 eldritch tentacles
  A balrug (Zot:3)
  A yellow draconian (Depths:4)
  A hydra (Swamp:4)
  2 sun demons (Zot:3)
  A deep elf knight (Elf:2)
  A deep elf archer (Elf:1)
  A swamp dragon (Swamp:4)
  2 deep elf zephyrmancers (Elf:1)
  A bog body (Swamp:3)
  A deep elf pyromancer (Elf:1)
  A will-o-the-wisp (Swamp:3)
  4 bloated husks
  3 water elementals (Elf:1)
  A human (Spider:4)
  An orc warrior (Orc:1)
  An ogre (Depths:3)
  An orc wizard (D:9)
  2 foxfires (Swamp:3)
  16 snaplasher vines
59 creatures vanquished.

Grand Total: 2385 creatures vanquished

Notes
Turn   | Place    | Note
-------+----------+-------------------------------------------
     0 | D:1      | Flugkiller the Human Summoner began the quest for the Orb.
     0 | D:1      | Reached XP level 1. HP: 13/13 MP: 3/3
   309 | D:1      | Reached XP level 2. HP: 17/19 MP: 1/5
   818 | D:1      | Found a faded altar of an unknown god.
   990 | D:1      | Prayed at the altar of an unknown god.
   990 | D:1      | Became a worshipper of Gozag Ym Sagoz the Greedy
  1016 | D:2      | Reached XP level 3. HP: 19/24 MP: 7/7
  1071 | D:2      | Learned a level 3 spell: Call Canine Familiar
  1232 | D:2      | Reached XP level 4. HP: 27/30 MP: 8/8
  1236 | D:2      | Found a basalt altar of Yredelemnul.
  1303 | D:2      | Identified the +0 leather armour of the Planets {Harm
                  | Int+3}
  1509 | D:2      | Reached skill level 5 in Summonings
  1617 | D:2      | Reached skill level 1 in Fighting
  1923 | D:3      | Reached XP level 5. HP: 37/37 MP: 9/9
  1967 | D:3      | Found a one-way gate to the infinite horrors of the Abyss.
  1973 | D:3      | Found a corrupted altar of Lugonu.
  2229 | D:3      | Found a broken altar of Ashenzari.
  2547 | D:3      | Found a sacrificial altar of Ru.
  2547 | D:3      | Found a hazy altar of Hepliaklqana.
  2985 | D:3      | Reached XP level 6. HP: 38/44 MP: 11/11
  3078 | D:3      | Learned a level 4 spell: Summon Lightning Spire
  3192 | D:4      | Found Ydeadd's Antique Weapon Boutique.
  3536 | D:4      | Noticed a black bear
  3549 | D:4      | Killed a black bear
  3550 | D:4      | Reached XP level 7. HP: 46/52 MP: 13/13
  3810 | D:4      | Reached skill level 6 in Summonings
  3961 | D:4      | Found Kacvengi's Jewellery Shoppe.
  4090 | D:4      | Found a basalt altar of Yredelemnul.
  4234 | D:5      | Entered Level 5 of the Dungeon
  4529 | D:5      | Reached skill level 1 in Air Magic
  4583 | D:5      | Noticed Blork the orc
  4606 | D:5      | Killed Blork the orc
  4607 | D:5      | Reached XP level 8. HP: 43/60 MP: 15/15
  4799 | D:5      | Reached skill level 5 in Spellcasting
  5002 | D:5      | Reached skill level 7 in Summonings
  5021 | D:5      | Noticed Eustachio
  5040 | D:5      | Killed Eustachio
  5118 | D:5      | Reached skill level 1 in Polearms
  5120 | D:5      | Found a staircase to the Ecumenical Temple.
  5239 | D:5      | Noticed Sigmund
  5284 | D:5      | Killed Sigmund
  5295 | D:5      | Reached XP level 9. HP: 54/65 MP: 17/17
  5718 | D:6      | Found a glowing golden altar of the Shining One.
  5974 | D:6      | Reached skill level 8 in Summonings
  6240 | D:6      | Found an ancient bone altar of Kikubaaqudgha.
  6240 | D:6      | Found a radiant altar of Vehumet.
  6580 | D:7      | Found a flagged portal.
  6589 | Bailey   | Entered a bailey
  6615 | Bailey   | Reached skill level 9 in Summonings
  7172 | Bailey   | Reached skill level 10 in Summonings
  7307 | Bailey   | Learned a level 6 spell: Summon Cactus Giant
  7324 | Bailey   | Noticed an orc knight
  7360 | Bailey   | Killed an orc knight
  7361 | Bailey   | Reached XP level 10. HP: 71/71 MP: 19/19
  7497 | D:7      | Acquired 1006 gold pieces
  7761 | D:4      | Bought a dazzling war axe for 161 gold pieces
  7761 | D:4      | Identified the +7 war axe "Liocs" {heavy, rC++ SInv} (You
                  | bought it in a shop on level 4 of the Dungeon)
  8819 | D:8      | Noticed Psyche
  8973 | D:8      | Reached skill level 11 in Summonings
  9046 | D:8      | Identified the +0 leather armour of Discretion {+Inv
                  | Stlth+}
  9149 | D:8      | Killed Psyche
  9598 | D:8      | Reached XP level 11. HP: 77/77 MP: 23/23
  9620 | D:8      | You fall into a shaft and drop 1 floor!
  9661 | D:9      | Reached skill level 12 in Summonings
  9661 | D:9      | Noticed a two-headed ogre
  9735 | D:9      | Killed a two-headed ogre
  9778 | D:9      | Reached skill level 13 in Summonings
  9996 | D:9      | Found a staircase to the Orcish Mines.
 10264 | D:9      | Found Lebed's Antique Weapon Emporium.
 10289 | D:9      | Found a white marble altar of Elyvilon.
 10308 | D:9      | Noticed a cyclops
 10314 | D:9      | Killed a cyclops
 10399 | D:9      | Found Cissanug's Distillery.
 10407 | D:9      | Bought a potion of resistance for 170 gold pieces
 10407 | D:9      | Bought a potion of haste for 170 gold pieces
 10407 | D:9      | Bought a potion of haste for 170 gold pieces
 10407 | D:9      | Bought a potion of curing for 51 gold pieces
 10407 | D:9      | Bought a potion of curing for 51 gold pieces
 10407 | D:9      | Bought a potion of brilliance for 68 gold pieces
 10664 | D:8      | Found Bouxkucw's Distillery.
 10795 | D:8      | Bought a potion of mutation for 112 gold pieces
 10795 | D:8      | Bought a potion of enlightenment for 70 gold pieces
 10977 | D:10     | Entered Level 10 of the Dungeon
 10994 | D:10     | Noticed Grum
 10995 | D:10     | Noticed Maggie
 10999 | D:10     | Reached skill level 5 in Fighting
 11003 | D:10     | Killed Grum
 11004 | D:10     | Reached skill level 5 in Dodging
 11005 | D:10     | Killed Maggie
 11176 | D:10     | Noticed Harold
 11186 | D:10     | Killed Harold
 11482 | D:10     | Noticed a two-headed ogre
 11524 | D:10     | Killed a two-headed ogre
 11525 | D:10     | Reached XP level 12. HP: 89/89 MP: 10/24
 11793 | D:10     | Noticed a vault guard
 11817 | D:10     | Killed a vault guard
 11841 | D:10     | Found a portal to a secret trove of treasure.
 12047 | D:11     | Noticed a two-headed ogre
 12070 | D:11     | Killed a two-headed ogre
 12085 | D:11     | Found a staircase to the Lair.
 12519 | D:11     | Learned a level 5 spell: Summon Forest
 12525 | D:11     | Learned a level 5 spell: Summon Mana Viper
 12528 | D:11     | Learned a level 2 spell: Blink
 12533 | Lair:1   | Entered Level 1 of the Lair of Beasts
 12556 | Lair:1   | Noticed Jeremiah
 12560 | Lair:1   | Killed Jeremiah
 12652 | Lair:1   | Reached skill level 1 in Hexes
 12653 | Lair:1   | Reached skill level 1 in Translocations
 13143 | Lair:1   | Noticed a seven-headed hydra
 13151 | Lair:1   | Killed a seven-headed hydra
 13171 | Lair:1   | Reached XP level 13. HP: 90/98 MP: 19/26
 14250 | Lair:2   | Reached skill level 14 in Summonings
 14334 | Lair:2   | Found a hole to the Spider Nest.
 14456 | Lair:2   | Reached skill level 10 in Spellcasting
 15186 | Lair:3   | Reached skill level 15 in Summonings
 15319 | Lair:3   | Reached skill level 1 in Evocations
 15586 | Lair:3   | Reached skill level 5 in Polearms
 15784 | Lair:3   | Noticed a seven-headed hydra
 15968 | Lair:3   | Noticed a four-headed hydra
 15980 | Lair:3   | Killed a four-headed hydra
 15981 | Lair:3   | Reached XP level 14. HP: 105/105 MP: 22/28
 16131 | Lair:3   | Identified the +2 rapier "Meprileuc" {elec, Will- Int-4
                  | Dex+6 SInv}
 16366 | Lair:3   | Found a staircase to the Swamp.
 16521 | Lair:3   | Bought a glimmering leather armour for 259 gold pieces
 16521 | Lair:3   | Identified the +3 leather armour "Camasm" {rElec Will+
                  | Dex+3} (You bought it in a shop on level 3 of the Lair of
                  | Beasts)
 16776 | Lair:4   | Reached skill level 1 in Armour
 16780 | Lair:4   | Found a viscous altar of Jiyva.
 16780 | Lair:4   | Found a staircase to the Slime Pits.
 17503 | Lair:5   | Entered Level 5 of the Lair of Beasts
 18533 | Lair:5   | Reached skill level 10 in Fighting
 18951 | Lair:5   | Reached XP level 15. HP: 115/115 MP: 29/29
 19057 | Lair:5   | Reached skill level 10 in Dodging
 19758 | D:12     | Noticed Vorhees's ghost (journeyman DECj)
 19758 | D:12     | Found a transporter.
 19758 | D:12     | Found a transporter.
 19762 | D:12     | Noticed Jorgrun
 19775 | D:12     | Killed Jorgrun
 19869 | D:11     | Learned a level 5 spell: Borgnjor's Vile Clutch
 20224 | D:12     | Reached skill level 1 in Necromancy
 20224 | D:12     | Reached skill level 1 in Earth Magic
 20737 | D:12     | Noticed Josephine
 20745 | D:12     | Killed Josephine
 21453 | D:13     | Got a dusty book
 22491 | D:14     | Reached XP level 16. HP: 56/122 MP: 3/30
 22741 | D:14     | Identified the +7 trident of Nannesak {pain, rF+ Int+2}
 22913 | D:14     | Found Funaof's Jewellery Shop.
 23276 | D:14     | Found a gate to the Vaults.
 23509 | D:15     | Entered Level 15 of the Dungeon
 23569 | D:15     | Reached skill level 5 in Necromancy
 23569 | D:15     | Reached skill level 5 in Earth Magic
 24006 | D:15     | Reached XP level 17. HP: 128/128 MP: 32/32
 24256 | D:15     | Found a staircase to the Depths.
 24482 | Orc:1    | Entered Level 1 of the Orcish Mines
 24489 | Orc:1    | Found Omisej's Gadget Gallery.
 24496 | Orc:1    | Reached skill level 10 in Polearms
 24504 | Orc:1    | Noticed Urug
 24518 | Orc:1    | Killed Urug
 24626 | Orc:2    | Entered Level 2 of the Orcish Mines
 24708 | Orc:1    | Noticed Erica
 24719 | Orc:1    | Killed Erica
 24782 | Orc:1    | Found a dark tunnel.
 24922 | Volcano  | Entered a volcano
 25354 | Orc:1    | Noticed Fannar
 25361 | Orc:1    | Killed Fannar
 25396 | Orc:1    | Found Onullyac's General Store.
 25408 | Orc:1    | Bought a wand of paralysis (4) for 163 gold pieces
 25749 | Orc:2    | Found Qumerchi's Armour Boutique.
 26249 | Orc:2    | Found Xeremn's Distillery.
 26310 | Orc:2    | Bought a potion of heal wounds for 60 gold pieces
 26310 | Orc:2    | Bought a potion of heal wounds for 60 gold pieces
 26452 | Orc:2    | Found Nawaczan's Assorted Antiques.
 26452 | Orc:2    | Found Aniasser's Jewellery Emporium.
 26531 | Orc:2    | Reached skill level 5 in Evocations
 26615 | Orc:2    | Found a staircase to the Elven Halls.
 26685 | Orc:2    | Bought a thin emerald amulet for 140 gold pieces
 26717 | Orc:2    | Bought an amulet of magic regeneration for 330 gold pieces
 26717 | Orc:2    | Bought the ring "Otwen" {rF+ Int+6} for 550 gold pieces
 26958 | Spider:1 | Entered Level 1 of the Spider Nest
 26973 | Spider:1 | Noticed Donald
 26986 | Spider:1 | Killed Donald
 27599 | Spider:1 | Reached XP level 18. HP: 134/134 MP: 29/34
 27863 | Spider:1 | Noticed Roxanne
 28086 | Spider:2 | Noticed Agnes
 28314 | Spider:2 | Killed Agnes
 28665 | Spider:2 | Reached skill level 10 in Necromancy
 28778 | Spider:2 | Noticed Arachne
 28790 | Spider:2 | Killed Arachne
 30712 | Spider:3 | Noticed Aizul
 30719 | Spider:3 | Killed Aizul
 31596 | Lair:3   | Bought Okhlown's Spellbook of the Morgue and the Tesseract
                  | for 572 gold pieces
 31596 | Lair:3   | Bought a manual of Fighting for 1040 gold pieces
 31604 | Lair:3   | Learned a level 7 spell: Haunt
 31802 | Spider:3 | Reached XP level 19. HP: 94/140 MP: 30/37
 32154 | Spider:4 | Entered Level 4 of the Spider Nest
 32963 | Spider:4 | Noticed Kirke
 33441 | Spider:4 | Killed Kirke
 35655 | Spider:4 | Got a gossamer rune of Zot
 36563 | Orc:2    | Bought a +0 pair of gloves of hurling for 126 gold pieces
 36568 | Orc:2    | Bought a +0 cloak for 49 gold pieces
 36793 | Swamp:1  | Entered Level 1 of the Swamp
 37438 | Swamp:1  | Reached skill level 5 in Armour
 37751 | Swamp:2  | Reached skill level 16 in Summonings
 37875 | Swamp:2  | Noticed Mlioglotl
 38052 | Swamp:1  | Killed Mlioglotl
 38165 | Swamp:2  | Reached XP level 20. HP: 53/157 MP: 13/38
 39789 | Swamp:4  | Entered Level 4 of the Swamp
 40034 | Swamp:4  | Reached skill level 15 in Fighting
 41295 | Swamp:4  | Found a runed translucent door.
 41296 | Swamp:4  | Noticed gruber's ghost (adept GnIE)
 41575 | Swamp:4  | Got a decaying rune of Zot
 41698 | Swamp:4  | Killed gruber's ghost
 42031 | Elf:1    | Entered Level 1 of the Elven Halls
 42124 | Elf:1    | Found a crumbling gateway.
 42158 | Elf:1    | Bought the amulet of Umettu {RegenMP Will+ Str+4} for 918
                  | gold pieces
 42171 | Desolati | Entered the Desolation of Salt
 42955 | Desolati | Reached XP level 21. HP: 129/168 MP: 16/39
 43126 | Desolati | Identified the +0 helmet of a ziggurat {Str+8}
 43138 | Desolati | Identified the ring "Leomyqo" {Fly rF+}
 43140 | Desolati | Identified the +0 leather armour "Gudwizus" {rElec rPois
                  | Will+ Str-3}
 43730 | Desolati | Identified the amulet "Ulikoh" {Spirit rPois Dex-5 SInv}
 44074 | Elf:1    | Noticed Suoweyxo's ghost (adept KoBr)
 44076 | Elf:1    | Found a transporter.
 44101 | Elf:1    | Found a transporter.
 44134 | Elf:1    | Noticed Frances
 44137 | Elf:1    | Noticed Asterion
 44156 | Elf:1    | Noticed Norris
 44172 | Elf:1    | Killed Frances
 44528 | Elf:1    | Got a sparkling book
 44576 | Elf:1    | Found Geluqazi's Antique Weapon Shoppe.
 44578 | Elf:1    | Found Koptadoroi's Book Emporium.
 44588 | Elf:1    | Bought a book of Decay for 600 gold pieces
 44595 | Elf:1    | Learned a level 6 spell: Death Channel
 45162 | Elf:1    | Killed Asterion
 45345 | Elf:1    | Noticed Zenata
 45366 | Elf:1    | Killed Zenata
 45578 | Elf:1    | Found a transporter.
 45579 | Elf:1    | Found a transporter.
 45634 | Elf:1    | Found Koptadoroi's Book Emporium.
 45634 | Elf:1    | Found Geluqazi's Antique Weapon Shoppe.
 45971 | Elf:1    | Killed Norris
 46069 | Elf:1    | Found Rituuts's Jewellery Boutique.
 46432 | Elf:1    | Found Koptadoroi's Book Emporium.
 46435 | Elf:1    | Found Geluqazi's Antique Weapon Shoppe.
 46467 | Elf:1    | Found Rituuts's Jewellery Boutique.
 46576 | Elf:1    | Found a transporter.
 46577 | Elf:1    | Found a transporter.
 48092 | Elf:2    | Found a runed translucent gate.
 48092 | Elf:2    | Found a runed translucent gate.
 48093 | Elf:2    | Found a runed translucent gate.
 48387 | Elf:2    | Found Jauc's General Store.
 48397 | Elf:2    | Bought a potion of resistance for 160 gold pieces
 48516 | Elf:3    | Entered Level 3 of the Elven Halls
 48583 | Elf:3    | Found Soxkint's Book Boutique.
 48670 | Elf:3    | Bought a manual of Spellcasting for 1360 gold pieces
 48670 | Elf:3    | Bought a manual of Summonings for 1360 gold pieces
 48778 | Elf:3    | Reached skill level 10 in Armour
 49024 | Elf:3    | Found Juylyucw's Weapon Shop.
 49028 | Elf:3    | Found Hehig's Antique Weapon Shop.
 49521 | Elf:3    | Reached XP level 22. HP: 138/178 MP: 23/40
 49912 | Elf:3    | Identified the +1 leather armour "Uledov" {rElec rPois rN+
                  | SInv}
 50438 | Elf:3    | Identified the +7 mace "Ladeacuh" {freeze, Int+4}
 50438 | Elf:3    | Identified the ring of Vaet {rPois rN++ Int+6 Slay-4 SInv}
 51044 | Elf:3    | Found the +2 hat of the Bear Spirit {Spirit, Bear, *Rage
                  | Will++}
 51052 | Elf:3    | Reached skill level 15 in Spellcasting
 51052 | Elf:3    | Reached skill level 17 in Summonings
 51075 | Elf:3    | Identified the +4 arbalest of Mokhejui {speed, *Corrode
                  | +Blink Int+6}
 51459 | Vaults:1 | Entered Level 1 of the Vaults
 52016 | Vaults:1 | Reached skill level 18 in Summonings
 53392 | Vaults:1 | Identified the +11 spear of Spite {heavy, rF+ Str+2}
 53406 | Vaults:1 | Found Zokhlapt's Antique Armour Emporium.
 53436 | Vaults:1 | Bought an embroidered cloak for 292 gold pieces
 53477 | Vaults:1 | Found Maesheph's Antique Armour Shop.
 53575 | Vaults:1 | Found Uskeq's Antique Weapon Emporium.
 53602 | Vaults:1 | Found the amulet of the Four Winds {rN+ Will+++ Clar}
 53602 | Vaults:1 | Found the +3 salamander hide armour {Flames, rFlCloud rF++
                  | rC--}
 54244 | Vaults:2 | Reached skill level 19 in Summonings
 54547 | Vaults:2 | Reached XP level 23. HP: 177/181 MP: 14/44
 55079 | Vaults:2 | Found a gateway to a bazaar.
 55238 | Bazaar   | Entered a bazaar
 55238 | Bazaar   | Found Dasoh's Weapon Emporium.
 55238 | Bazaar   | Found Wieraimm's Assorted Antiques.
 55239 | Bazaar   | Found Xutzy's Armour Shoppe.
 55239 | Bazaar   | Found Sunuujo's General Store.
 55252 | Bazaar   | Bought a scroll of fear for 36 gold pieces
 55818 | Vaults:3 | Reached skill level 20 in Summonings
 56043 | Vaults:3 | Reached skill level 5 in Translocations
 56414 | Vaults:3 | Found a runed translucent gate.
 56415 | Vaults:3 | Found a runed translucent gate.
 56415 | Vaults:3 | Found a runed translucent gate.
 56648 | Vaults:3 | Noticed Saint Roka
 56665 | Vaults:3 | Killed Saint Roka
 56927 | Vaults:3 | Found a staircase to the Crypt.
 57490 | Vaults:3 | Noticed Ciotsan's ghost (adept FeIE)
 57517 | Vaults:3 | Identified the +0 pair of boots of Seggyb {rPois Str+3
                  | Int+2}
 57844 | Vaults:4 | Paralysed by a great orb of eyes for 2 turns
 57890 | Vaults:4 | Found a magical portal.
 57907 | WizLab   | Entered Eringya's Formal Garden
 58213 | WizLab   | Reached skill level 10 in Translocations
 58221 | WizLab   | Learned a level 7 spell: Malign Gateway
 58267 | WizLab   | Paralysed by a fenstrider witch for 3 turns
 58278 | WizLab   | Reached XP level 24. HP: 93/195 MP: 18/45
 59232 | WizLab   | Found a blossoming altar of Fedhas.
 59570 | Vaults:4 | Found a huge runed gate.
 59642 | Vaults:4 | Found a huge runed gate.
 59642 | Vaults:4 | Found a huge runed gate.
 59643 | Vaults:4 | Found a huge runed gate.
 59644 | Vaults:4 | Found a huge runed gate.
 59644 | Vaults:4 | Found a huge runed gate.
 59644 | Vaults:4 | Found a huge runed gate.
 59644 | Vaults:4 | Found a huge runed gate.
 59645 | Vaults:4 | Found a huge runed gate.
 59645 | Vaults:4 | Found a huge runed gate.
 59645 | Vaults:4 | Found a huge runed gate.
 59645 | Vaults:4 | Found a huge runed gate.
 59645 | Vaults:4 | Found a huge runed gate.
 59646 | Vaults:4 | Found a huge runed gate.
 59647 | Vaults:4 | Found a huge runed gate.
 60699 | Vaults:4 | Found a huge runed gate.
 60700 | Vaults:4 | Found a huge runed gate.
 60708 | Vaults:4 | Found a huge runed gate.
 60708 | Vaults:4 | Found a huge runed gate.
 60708 | Vaults:4 | Found a huge runed gate.
 60708 | Vaults:4 | Found a huge runed gate.
 60708 | Vaults:4 | Found a huge runed gate.
 60708 | Vaults:4 | Found a huge runed gate.
 60709 | Vaults:4 | Found a huge runed gate.
 60710 | Vaults:4 | Found a huge runed gate.
 60711 | Vaults:4 | Found a huge runed gate.
 60719 | Vaults:4 | Found a huge runed gate.
 60719 | Vaults:4 | Found a huge runed gate.
 60719 | Vaults:4 | Found a huge runed gate.
 60719 | Vaults:4 | Found a huge runed gate.
 60719 | Vaults:4 | Found a huge runed gate.
 60719 | Vaults:4 | Found a huge runed gate.
 60720 | Vaults:4 | Found a huge runed gate.
 60721 | Vaults:4 | Found a huge runed gate.
 60722 | Vaults:4 | Found a huge runed gate.
 60818 | Vaults:4 | Found a huge runed gate.
 61098 | Depths:1 | Entered Level 1 of the Depths
 61119 | Depths:1 | Reached skill level 15 in Necromancy
 61135 | Depths:1 | Noticed Mara
 61143 | Depths:1 | Killed Mara
 61615 | Depths:1 | Found an opulent altar of Gozag.
 61816 | Depths:1 | Identified the +6 spear of Brawling {heavy, rC+ Int+2 SInv
                  | Stlth-}
 62018 | Depths:1 | Found a gateway to Hell.
 62221 | Depths:1 | Acquired the scarf of the Hippo {rC+ rF+, MP+9 Int+7 Dex-5
                  | Stlth+}
 62599 | Depths:1 | Learned a level 8 spell: Infestation
 62732 | D:14     | Learned a level 8 spell: Summon Horrible Things
 62820 | Depths:2 | Reached skill level 21 in Summonings
 62825 | Depths:2 | Identified the +1 robe of Xocwoc {rN+ Archmagi}
 62837 | Depths:2 | Reached XP level 25. HP: 181/201 MP: 35/45
 62843 | Depths:2 | Reached skill level 15 in Dodging
 63110 | Depths:2 | Found a radiant altar of Vehumet.
 63310 | Depths:2 | Found a one-way gate leading to the halls of Pandemonium.
 63674 | Depths:3 | Found Wuhiav's Book Emporium.
 63675 | Depths:3 | Found Rizusiwn's Jewellery Shop.
 63677 | Depths:3 | Found Noarup's Book Emporium.
 64317 | Depths:3 | Noticed a juggernaut
 64330 | Depths:3 | Killed a juggernaut
 64368 | Depths:3 | Found the +4 consecrated labrys {holy, Valiant Fragile Fly
                  | SInv}
 64368 | Depths:3 | Found the +8 longbow "Zephyr" {speed, Dex+3 SInv}
 64371 | Depths:3 | Identified the +8 demon trident of Ragnarok {pain, Int+3}
 64381 | Depths:3 | Identified the +6 orcbow "Zuilomeq" {speed, rC+ Will+ Int+2
                  | Stlth+}
 64389 | Depths:3 | Identified the +4 double sword "Ysodwonump" {flame, rElec
                  | rF+}
 64390 | Depths:3 | Identified the +10 halberd "Vometoits" {venom, *Corrode rC+
                  | rN+ Str+3}
 64409 | Depths:3 | Found the +7 lajatang of Order {silver, rMut}
 64414 | Depths:3 | Identified the +1 quarterstaff "Tormentor" {heavy, rF+ rC+}
 64567 | Depths:3 | Bought a book of the Dragon for 504 gold pieces
 64890 | Depths:3 | Found a one-way gateway to a ziggurat.
 65491 | Depths:3 | Found a sparkling altar of Nemelex Xobeh.
 65968 | Vaults:3 | Identified the -1 hat "Ruasic" {Harm rF- Dex+7}
 66192 | D:12     | Killed Vorhees's ghost
 66502 | Depths:4 | Entered Level 4 of the Depths
 66502 | Depths:4 | Noticed a juggernaut
 66524 | Depths:3 | Killed a juggernaut
 66668 | Depths:4 | Reached XP level 26. HP: 128/208 MP: 29/45
 67076 | Depths:4 | Noticed a juggernaut
 67091 | Depths:4 | Killed a juggernaut
 67619 | Depths:4 | Found a gate to the Realm of Zot.
 68439 | Vaults:3 | Killed Ciotsan's ghost
 68988 | Slime:1  | Entered Level 1 of the Pits of Slime
 69668 | Slime:1  | Reached skill level 22 in Summonings
 69951 | Slime:3  | Paralysed by a formless jellyfish for 1 turns
 70240 | Slime:4  | Paralysed by a formless jellyfish for 1 turns
 70242 | Slime:4  | Paralysed by a formless jellyfish for 1 turns
 70254 | Slime:4  | Noticed Dissolution
 70279 | Slime:4  | Killed Dissolution
 70377 | Slime:5  | Entered Level 5 of the Pits of Slime
 70536 | Slime:5  | Noticed the Royal Jelly
 70861 | Slime:5  | Paralysed by a formless jellyfish for 1 turns
 71132 | Slime:5  | Killed the Royal Jelly
 71133 | Slime:5  | Reached XP level 27. HP: 177/214 MP: 11/46
 71249 | Slime:5  | Gained mutation: Your body sometimes deteriorates upon
                  | taking damage. [a shining eye]
 71339 | Slime:5  | Found the -2 hat of the Alchemist {rElec rPois rF+ rC+ rN+
                  | Will+ rMut rCorr}
 71342 | Slime:5  | Found the +8 Vampire's Tooth {megavamp}
 71461 | Slime:5  | Identified the +0 flail of the Unliving {freeze, rPois
                  | Str-3 Dex+5 Stlth+}
 71537 | Slime:5  | Identified the +1 falchion of Distant Shores {venom, Str+4}
 71538 | Slime:5  | Identified the +6 rapier of Wumn {flame, rElec rPois Int-5
                  | Dex+4}
 71580 | Slime:5  | Got a slimy rune of Zot
 72358 | Zot:1    | Entered Level 1 of the Realm of Zot
 72461 | Depths:4 | Learned a level 9 spell: Dragon's Call
 72754 | Zot:2    | Reached skill level 23 in Summonings
 72768 | Zot:2    | Noticed an orb of fire
 74833 | Zot:1    | Identified the +9 battleaxe of the Riding Fulmar {flame,
                  | rElec rPois rF+++ Int+2}
 74849 | Zot:1    | Identified the staff of Actus Reus {rElec rPois rF+ rN+
                  | Necro}
 75003 | Zot:1    | Reached skill level 24 in Summonings
 75075 | Zot:1    | Gained mutation: You are weak. (Str -2) [an orb of fire]
 75086 | Zot:1    | Killed an orb of fire
 76017 | Zot:2    | Reached skill level 10 in Evocations
 78844 | Zot:5    | Entered Level 5 of the Realm of Zot
 79160 | Zot:5    | Found a transporter.
 79174 | Zot:5    | Found a transporter.
 79175 | Zot:5    | Found a transporter.
 79224 | Zot:5    | Noticed an orb of fire
 79235 | Zot:5    | Killed an orb of fire
 79515 | Zot:5    | Found a transporter.
 79610 | Zot:5    | Noticed an orb of fire
 79615 | Zot:5    | Noticed an ancient lich
 79620 | Zot:5    | Killed an orb of fire
 79621 | Zot:5    | Noticed a Killer Klown
 79622 | Zot:5    | Noticed a Killer Klown
 79628 | Zot:5    | Killed a Killer Klown
 79634 | Zot:5    | Noticed an orb of fire
 79639 | Zot:5    | Noticed an ancient lich
 79649 | Zot:5    | Killed an ancient lich
 79654 | Zot:5    | Reached skill level 25 in Summonings
 79690 | Zot:5    | Got the Orb of Zot
 79690 | Zot:5    | Noticed a dread lich
 79911 | Depths:4 | Noticed Xolasian the pandemonium lord
 79920 | Depths:4 | Killed Xolasian the pandemonium lord
 80382 | D:10     | Noticed a seraph
 80382 | D:10     | Identified the +7 tower shield of Sunlight {rElec Str-3
                  | Int+8 Dex+3}
 80643 | D:1      | Reached skill level 26 in Summonings
 80651 | D:1      | gg
 80652 | D:$      | Escaped with the Orb!

Illustrated notes

##.##..##.#.############.#.######
#.##..##.#.# #.#.#
#.##..##.#.###### #.#.#
#.##..#..#...§..# #.#.#
#.##..#.....###$### #.#.# ####
#.##..#....##≈#.#≈## #.#.# #...
#.##..#...##≈.≈~≈P≈## #.#.# #...
#.##..#...#≈P8.DD8P≈# #.#+###...
#.##..#...##≈..@..≈## #.....####
#.##..#...##≈♣...P≈## #.....####
##.##..#...#≈♣8♣.P8P≈# #.........
.......#...##≈♣...P≈####..†......
######.#....##≈#.#≈##....##......
#.#.##.####.####.#####......
#.#..............# #......
#.##...#.......### #......
#......#######..# #......


Turn 80651 on D:1: gg

Levels and vault maps discovered:
D:1:      ldierk_walled_garden_2, layout_basic,
          ebering_ecumenical_altar_sacrificial
D:2:      layout_basic, basic_altar
D:3:      layout_loops_cross, gammafunk_temple_overflow_pools,
          lemuel_tele_altar, amcnicky_altar_lugonu_corruption
D:4:      layout_loops_ring, lemuel_round_altar, serial_shops, shop,
          nicolae_shop_temple_entry_statues_fountains, nicolae_half_adder
D:5:      layout_loops_cross, minmay_temple_entry_proselytizer,
          kennysheep_cross_room, minivault_4, palyth_stone_intersect,
          uniq_eustachio, uniq_blork_the_orc, uniq_sigmund
D:6:      layout_basic, jmf_multi_god_temple, nicolae_tso_besieged_by_evil,
          kennysheep_windowed_goal
D:7:      layout_loops_corners, enter_bailey_8, kennysheep_generic_room_15
D:8:      old_forge, layout_cave_pools, serial_shops, nicolae_lakefront_shop,
          uniq_psyche
D:9:      layout_basic, elyvilon_altar_3, erik_orc_4, serial_shops, shop,
          nicolae_shop_window_shopping
D:10:     layout_big_octagon, enter_trove_5, uniq_maggie, uniq_grum, uniq_harold
D:11:     layout_rooms, erik_lair_orcish_takeover, kennysheep_just_a_vault
D:12:     layout_basic, gammafunk_ghost_mausoleum, nicolae_figureground_sparkle,
          uniq_jorgrun, uniq_josephine
D:13:     layout_roguey
D:14:     layout_irregular_city, hellmonk_vaults_keyhole, serial_shops, shop,
          nicolae_sextant
D:15:     grunt_enter_depths_magical_seal, layout_cave_pools,
          serial_park_fountain, minmay_misc_feat_plants, st_stairs_6
Lair:1:   layout_layer_cave, pdpol_lair_cavern_descent, lemuel_fruit_tree,
          uniq_jeremiah
Lair:2:   layout_long_grid, spider_nest_entry_web_field, grunt_megastairs_2
Lair:3:   nzn_winding_woodlands_stair_trap [nzn_winding_woodlands_5x15_default,
          nzn_winding_woodlands_5x15_pockets, nzn_winding_woodlands_5x15_zeroes,
          nzn_winding_woodlands_15x15_thick_spiral,
          nzn_winding_woodlands_5x15_split_checker,
          nzn_winding_woodlands_5x15_sidewinder,
          nzn_winding_woodlands_5x15_river_crossing], layout_regular_city,
          skrybe_swamp_entry_bodies, grunt_forest_small_clearings,
          nicolae_quartered_pool_super
Lair:4:   layout_cave_pods, nicolae_slime_entry_field_trip
Lair:5:   grunt_lair_end_beastmaster, layout_cave_pods,
          chequers_serial_rivers_large_b, lemuel_fruit_fields
Swamp:1:  layout_basic_swamp, evilmike_swamp_ruin_house_4
Swamp:2:  layout_basic_swamp, infiniplex_staircase_pool, uniq_mlioglotl
Swamp:3:  layout_basic_swamp, serial_swamp_ruin, evilmike_swamp_ruin_house_6,
          evilmike_swamp_ruin_house_1, nicolae_swamp_super_fun_site
Swamp:4:  swamp, layout_basic_swamp, ebering_ghost_inner_flame, swamp_pool1,
          nicolae_swamp_bloodsuckers_inc
Spider:1: layout_spider_delve, hellmonk_spider_spawner,
          hangedman_spider_tarantella_strand, uniq_donald, uniq_roxanne
Spider:2: layout_spider_delve, guppyfry_spider_mini_3, uniq_agnes, uniq_arachne
Spider:3: layout_spider_delve, uniq_aizul
Spider:4: johnstein_spider_rune_arachne_lair, nicolae_spider_shape, uniq_kirke
Slime:1:  layout_caves, cheibrodos_slime_lost_civilization_6
Slime:2:  layout_caves
Slime:3:  layout_caves
Slime:4:  layout_caves, uniq_dissolution
Slime:5:  slime_pit
Orc:1:    layout_diamond_mine, serial_shops, nicolae_shop_waterfront,
          lightli_volcano_entry_magma_tube, nicolae_shop_gadgets, uniq_fannar,
          uniq_erica, uniq_urug
Orc:2:    st_orc_town, layout_diamond_mine, special_room, lightli_orcish_oven
Elf:1:    elf_arrival_002, layout_loops_corners, portal_desolation_entry_ruin,
          gammafunk_ghost_arena, minmay_elf_annihilation, minmay_shoptagon,
          uniq_norris, uniq_asterion, uniq_frances, uniq_zenata
Elf:2:    nicolae_elf_blades_splatter_lattice
          [nicolae_blade_entry_crossed_weapons], layout_geoelf_octagon,
          serial_shops, shop, small_statue_intersection
Elf:3:    minmay_elf_hall_x, layout_onion_city, serial_shops, shop,
          minmay_shop_star
Vaults:1: nicolae_vaults_trapezoid_lopsided_1, hangedman_vaults_locks,
          v_rooms_2, vaults_mumra_chevron_long, v_misc_30, v_misc_31,
          nicolae_vaults_closet_pinwheel_1, vaults_room_hallway, v_misc_9,
          vaults_room_hangedman_quadrants, vaults_room_pool,
          layout_vaults_omnigrid, serial_shops, shop, shop,
          nicolae_shop_real_fake_doors
Vaults:2: vaults_room_door_hall, nicolae_vaults_stepped_doors,
          nicolae_vaults_offset_grid_hallway_3, vaults_room_stairs_pillars,
          hangedman_vaults_snaps, v_pattern_2, ontoclasm_vaults_spin,
          nicolae_vaults_house_3, layout_vaults_chaotic_city, serial_shops,
          bzr_entry_customers
Vaults:3: gammafunk_ghost_tricky_traps, nicolae_vaults_heist,
          blue_anna_dwarven_crypt, nicolae_vaults_tetromino_T_1, st_squares,
          nicolae_vaults_sightless_eye, nicolae_vaults_spaceships,
          nicolae_vaults_turnstiles, v_pattern_1, v_misc_28,
          nicolae_vaults_rhombus_6, ontoclasm_vaults_ring_square,
          nicolae_vaults_tangram_2, nicolae_vaults_tetromino_L_2,
          layout_vaults_maze, uniq_saint_roka
Vaults:4: mu_enter_wizlab_6, vaults_room_large_hall,
          nicolae_vaults_shipping_containers_1, not_door_vault_mu,
          v_alt_pattern_2, nicolae_vaults_three_branches, v_misc_30, v_misc_24,
          vaults_room_stairs_pillars, layout_vaults_omnicross
Depths:1: layout_twisted_cross, serial_sigils, serial_sigils_hangedman_scratch,
          serial_sigils_hangedman_stare, serial_sigils_hangedman_snap,
          serial_sigils_hangedman_carve, grunt_mini_vestibule,
          nicolae_gozag_seed_capital, uniq_mara
Depths:2: lemuel_minitomb, layout_small_grid, vehumet_crystals,
          rand_demon_pan_entry_7, hell_entry, serial_bayou_shore_b,
          minmay_staircase_windowed_small, grunt_megastairs_3
Depths:3: giant_chief_lemuel, layout_gridlike, enter_ziggurat_f,
          nemelex_lonely_heart_becter, hellmouth_3, pan_entry, abyss_entry,
          minmay_shop_grove, infiniplex_staircase_door_maze
Depths:4: grunt_bruiser_brothers, layout_gridlike, chequers_serial_rivers_marsh,
          pf_vacation_house_of_asmodeus, minmay_starry_boxes
Zot:1:    kennysheep_oblong_rooms, layout_basic, uniq_josephina, uniq_grunn
Zot:2:    lemuel_halls_of_wrath, layout_onion_interference,
          hangedman_elemental_corridor
Zot:3:    kennysheep_spiral_hall, layout_gridlike, grunt_ministairs_15,
          zot_minivault_8
Zot:4:    hangedman_snap_crack_crunch, layout_cathedral_of_symmetry
Zot:5:    layout_twisted_circle, hangedman_zot_decor_slant, drop_trap,
          grunt_ministairs_4, nicolae_transporter_circle, uniq_tiamat

Skill      XL: |  1  2  3  4  5  6  7  8  9 10 11 12 13 14 15 16 17 18 19 20 21 22 23 24 25 26 27 |
---------------+----------------------------------------------------------------------------------+-----
Spellcasting   | 3 4 5 6 8 9 10 11 12 14 17 18 19 20 | 20.0
Summonings     | 5 6 7 10 11 13 15 16 19 20 21 22 26 | 26.0
Fighting       | 1 2 3 4 6 8 10 14 15 16 17 20 | 20.0
Air Magic      | 1 3 4 |  4.0
Polearms       | 1 2 4 6 8 9 10 12 13 14 | 14.0
Dodging        | 3 4 6 9 11 13 14 15 | 15.0
Hexes          | 2 4 |  4.0
Translocations | 2 4 10 | 10.0
Evocations     | 4 5 6 10 | 10.0
Armour         | 4 6 7 10 11 | 11.0
Necromancy     | 4 8 11 13 14 15 18 19 20 | 20.0
Earth Magic    | 4 5 8 |  8.0
Stealth        | |  2.0

Action                     |  1- 3 |  4- 6 |  7- 9 | 10-12 | 13-15 | 16-18 | 19-21 | 22-24 | 25-27 || total
---------------------------+-------+-------+-------+-------+-------+-------+-------+-------+-------++-------
  Melee: Whip              |    31 |    24 |       |       |       |       |       |       |       ||    55
         Dagger            |       |    34 |       |       |       |       |       |       |       ||    34
         Punch             |       |     1 |     3 |     4 |     4 |     5 |    27 |    15 |    15 ||    74
         Spear             |       |     5 |   173 |   151 |       |       |       |       |       ||   329
         Unarmed           |       |       |       |    28 |       |       |       |       |       ||    28
         Trident           |       |       |       |    27 |   411 |   437 |   964 |   909 |   110 ||  2858
         Demon trident     |       |       |       |       |       |       |       |       |   848 ||   848
         Staff             |       |       |       |       |       |       |       |       |     9 ||     9
  Throw: Throwing net      |       |       |       |       |       |       |       |       |     2 ||     2
   Cast: Summon Small Mamm |    27 |     3 |     4 |     3 |       |       |       |       |       ||    37
         Call Canine Famil |     2 |    35 |    68 |    44 |    10 |       |       |       |       ||   159
         Summon Lightning  |       |     1 |    17 |    47 |    12 |    27 |       |       |       ||   104
         Summon Cactus Gia |       |       |       |    36 |   104 |   101 |    49 |     2 |       ||   292
         Summon Forest     |       |       |       |     6 |    23 |    12 |    14 |     3 |     2 ||    60
         Summon Mana Viper |       |       |       |     1 |    54 |    88 |    38 |     4 |     2 ||   187
         Blink             |       |       |       |       |     2 |       |     2 |     5 |     2 ||    11
         Borgnjor's Vile C |       |       |       |       |       |    19 |   131 |   131 |    65 ||   346
         Haunt             |       |       |       |       |       |       |   256 |   182 |   120 ||   558
         Death Channel     |       |       |       |       |       |       |       |    25 |    34 ||    59
         Malign Gateway    |       |       |       |       |       |       |       |     4 |    12 ||    16
         Infestation       |       |       |       |       |       |       |       |     1 |    40 ||    41
         Summon Horrible T |       |       |       |       |       |       |       |       |    15 ||    15
         Dragon's Call     |       |       |       |       |       |       |       |       |    35 ||    35
 Invoke: Call Merchant     |       |       |       |       |     2 |     1 |     1 |       |       ||     4
         Potion Petition   |       |       |       |       |       |       |       |     1 |     3 ||     4
         Bribe Branch      |       |       |       |       |       |       |       |       |     2 ||     2
  Evoke: Wand              |       |       |       |     2 |     7 |     2 |     4 |     5 |     2 ||    22
         Tin of tremorston |       |       |       |       |       |       |       |     1 |     3 ||     4
    Use: Scroll            |       |     4 |     5 |    13 |     5 |     8 |    11 |     5 |    15 ||    66
         Potion            |       |       |       |     8 |     2 |     2 |     8 |     3 |     6 ||    29
   Stab: Distracted        |     1 |     1 |     3 |     4 |    11 |    12 |    18 |    24 |    35 ||   109
         Sleeping          |       |     3 |     2 |       |       |       |       |     2 |     6 ||    13
         Held in net/web   |       |       |       |     1 |       |       |     1 |       |       ||     2
         Invisible         |       |       |       |     6 |       |       |       |     1 |       ||     7
         Confused          |       |       |       |     1 |       |       |       |       |       ||     1
         Paralysed         |       |       |       |       |     6 |       |       |       |     6 ||    12
 Armour: Robe              |    17 |    42 |    95 |    98 |    67 |       |       |       |       ||   319
         Skin              |       |       |       |    31 |       |       |       |       |       ||    31
         Leather armour    |       |       |       |       |   153 |   243 |   598 |    75 |   463 ||  1532
         Ring mail         |       |       |       |       |       |       |       |   368 |       ||   368
  Dodge: Dodged            |    32 |    44 |   138 |   200 |   426 |   478 |   935 |   577 |   548 ||  3378

Table legend: (Time is in decaauts)
 A = Elapsed time spent in this place.
 B = Non-inter-level travel time spent in this place.
 C = Inter-level travel time spent in this place.
 D = Time resting spent in this place.
 E = Time spent auto-exploring this place.
 F = Levels seen in this place.
 G = Mean time per level.
                   A        B        C        D        E       F      G
               +--------+--------+--------+--------+--------+-----+--------+
         Total |  79898 |  71985 |   7913 |  22454 |  30246 |  56 | 1426.8 |
       Dungeon |  18410 |  15730 |   2680 |   3525 |   7787 |  15 | 1227.3 |
          Lair |   8340 |   7165 |   1175 |   1699 |   3976 |   5 | 1668.0 |
         Swamp |   5206 |   5018 |    188 |   2210 |   1790 |   4 | 1301.5 |
   Spider Nest |   9029 |   8313 |    716 |   3917 |   2461 |   4 | 2257.2 |
    Slime Pits |   2515 |   2448 |     67 |    831 |    599 |   5 |  503.0 |
  Orcish Mines |   2569 |   1890 |    679 |    412 |    758 |   2 | 1284.5 |
   Elven Halls |   7538 |   7168 |    370 |   2010 |   3628 |   3 | 2512.7 |
        Vaults |   8058 |   7379 |    679 |   1948 |   3626 |   4 | 2014.5 |
        Depths |   6876 |   5890 |    986 |   1658 |   2564 |   4 | 1719.0 |
           Zot |   7148 |   6779 |    369 |   2727 |   2145 |   5 | 1429.6 |
        Bazaar |     20 |     20 |      0 |      0 |      0 |   1 |   20.0 |
        Bailey |    903 |    903 |      0 |    356 |    162 |   1 |  903.0 |
       Volcano |    235 |    235 |      0 |      0 |     61 |   1 |  235.0 |
        Wizlab |   1411 |   1411 |      0 |    579 |    370 |   1 | 1411.0 |
    Desolation |   1632 |   1632 |      0 |    580 |    317 |   1 | 1632.0 |
               +--------+--------+--------+--------+--------+-----+--------+

Top non-repeatable levels by time:
   Elf:1: 3652 daAuts
Spider:3: 3569 daAuts
Vaults:3: 2599 daAuts
   Zot:1: 2515 daAuts
Spider:4: 2492 daAuts
   Elf:3: 2486 daAuts
   Zot:3: 2277 daAuts
Depths:3: 2176 daAuts
Vaults:1: 2150 daAuts
  Lair:5: 2063 daAuts
  Lair:1: 1935 daAuts
  Lair:3: 1926 daAuts
Depths:4: 1918 daAuts
Depths:1: 1849 daAuts
Spider:2: 1843 daAuts
